 Dungeon Crawl Stone Soup version 0.27-a0-637-g3a9f0a9c12 (webtiles) character file.

Game seed: 17947401233246840822

81 tilp the Sneak (level 4, 0/29 HPs)
             Began as an Octopode Transmuter on Mar 14, 2021.
             Slain by an adder (1 damage)
             ... on level 3 of the Dungeon.
             The game lasted 00:02:28 (2058 turns).

tilp the Sneak (Octopode Transmuter)                Turns: 2058, Time: 00:02:28

Health: 0/29       AC:  1    Str:  9    XL:     4   Next: 42%
Magic:  7/7        EV: 13    Int: 16    God:
Gold:   101        SH:  0    Dex: 12    Spells: 4/7 levels left

rFire    . . .     SeeInvis .     - Unarmed
rCold    . . .     Faith    .   (no shield)
rNeg     . . .     Spirit   .   (helmet restricted)
rPois    .         Reflect  .   e - amulet of magic regeneration
rElec    .         Harm     .   (no ring)
rCorr    .         Rampage  .   (no ring)
Will     .....                  (no ring)
Stlth    +++.......             (no ring)
HPRegen  0.09/turn              (no ring)
MPRegen  0.35/turn              (no ring)
                                (no ring)
                                (no ring)

@: brilliant, lethally poisoned (0 -> -3), wereblooded (expiring)
A: almost no armour, amphibious, 8 rings, camouflage 1, gelatinous body 1,
nimble swimmer 1, tentacles
a: no special abilities


You were on level 3 of the Dungeon.
You visited 1 branch of the dungeon, and saw 4 of its levels.

You collected 101 gold pieces.

Inventory:

Missiles
 i - 11 poisoned darts (quivered)
Jewellery
 b - an amulet of regeneration
 e - an amulet of magic regeneration (around mantle)
Scrolls
 d - a scroll of amnesia {unknown}
 f - a scroll of fog {unknown}
Potions
 a - a potion of haste {unknown}
 c - a potion of brilliance
 g - a potion of heal wounds {unknown}
 h - a potion of degeneration {unknown}
 j - a potion of cancellation {unknown}


   Skills:
 + Level 1.8 Fighting
 - Level 2.0 Dodging
 - Level 4.0 Stealth
 * Level 3.7 Unarmed Combat
 - Level 2.0 Spellcasting
 - Level 2.0 Transmutations


You had 4 spell levels left.
You knew the following spells:

 Your Spells              Type           Power      Damage    Failure   Level
a - Beastly Appendage     Tmut           24%        N/A       9%          1
b - Wereblood             Tmut           12%        N/A       14%         2

Your spell library contained the following spells:

 Spells                   Type           Power      Damage    Failure   Level
 Spider Form              Tmut/Pois      3%         N/A       38%         3
 Ice Form                 Ice/Tmut       7%         N/A       80%         4
 Blade Hands              Tmut           6%         N/A       94%         5


Dungeon Overview and Level Annotations

Branches:
Dungeon (4/15)
 Temple: D:4-7

Altars:


Innate Abilities, Weirdness & Mutations

You cannot wear most types of armour.
You are amphibious.
You can wear up to eight rings at the same time.
Your skin changes colour to match your surroundings (Stealth+).
Your rubbery body absorbs attacks. (AC +1, EV +1)
You are stealthy while swimming. (Stealth+)
You have tentacles for arms and can constrict up to eight enemies at once.


Message History

You hear a shout! x2; You hear an angry hiss.
An orc comes into view. It is wielding a +0 club.
You closely miss the jackal.
The jackal barks!
You grab the jackal.
You pierce the jackal.
You kill the jackal!
An adder comes into view.
Your tentacle spike disappears.
You hear a shout!
The adder moves out of view.
You closely miss the jackal. Your grab misses the jackal. The jackal bites you.
An orc priest comes into view. It is wielding a +0 hand axe.
Unknown command.
An orc comes into view. It is wielding a +0 club.
The orc shouts!
You hear a shout!
The jackal bites you but does no damage.
An orc priest comes into view.
The orc priest mumbles some strange prayers to Beogh against you.
Beogh smites you!
The orc moves out of view.
You hear a shout! x3
The jackal barely misses you. The jackal closely misses you.
The orc priest invokes the aid of Beogh against you.
Beogh smites you!
* * * LOW HITPOINT WARNING * * *
There is a stone staircase leading up here.
Your primal bloodlust is almost over.
The adder bites you.
* * * LOW HITPOINT WARNING * * *
You are lethally poisoned!
The adder poisons you! The jackal closely misses you.
You climb upwards.
* * * LOW HITPOINT WARNING * * *
You feel sick.
There is a stone staircase leading down here.
Unknown command.
It was a potion of brilliance.
You feel clever all of a sudden. The adder bites you.
You die...

##########
#..S@....#
#....h)..#
#........#
#........#
..............
#...............
#...######.......
B... #....... $..
#.......


You could see an adder, a jackal and a giant cockroach (wandering).

Vanquished Creatures
  4 adders (D:2)
  2 worms (D:2)
  2 ball pythons (D:1)
  A bat (D:1)
  4 giant cockroaches
  6 goblins
  4 hobgoblins (D:1)
  2 jackals (D:4)
  4 frilled lizards
  4 kobolds (D:1)
  6 rats
39 creatures vanquished.

Notes
Turn   | Place    | Note
-------+----------+-------------------------------------------
     0 | D:1      | tilp the Octopode Transmuter began the quest for the Orb.
     0 | D:1      | Reached XP level 1. HP: 13/13 MP: 3/3
    43 | D:1      | Reached skill level 1 in Stealth
   204 | D:1      | Reached skill level 2 in Stealth
   230 | D:1      | Reached XP level 2. HP: 15/18 MP: 5/5
   233 | D:1      | Learned a level 2 spell: Wereblood
   531 | D:1      | Reached skill level 3 in Stealth
   626 | D:1      | Reached XP level 3. HP: 14/23 MP: 6/6
   960 | D:1      | Reached skill level 4 in Stealth
  1972 | D:2      | Reached XP level 4. HP: 28/28 MP: 7/7
  2025 | D:2      | You fall into a shaft and drop 2 floors!
  2057 | D:3      | HP: 1/29 [poisoned by an adder]
  2058 | D:3      | Slain by an adder

Illustrated notes

Levels and vault maps discovered:
D:1:      lemuel_arrival_broad_hall, layout_basic
D:2:      minmay_evil_eye, layout_basic, st_stairs_8
D:3:      layout_basic, overflow_temple_1_default, uniq_jessica
D:4:      layout_cave_pools, lemuel_crystal_altar, minmay_shop_mass,
          minmay_misc_feat_room, uniq_crazy_yiuf_cottage, uniq_natasha

Skill      XL: |  1  2  3 |
---------------+----------+-----
Stealth        | 2 3 4 |  4.0
Fighting       | |  1.8
Dodging        | |  2.0
Unarmed Combat | |  3.7
Spellcasting   | |  2.0
Transmutations | |  2.0

Action                   |  1- 3 |  4- 6 || total
-------------------------+-------+-------++-------
Melee: Unarmed           |    74 |    13 ||    87
       Constrict         |    19 |     3 ||    22
       Tentacles         |     9 |       ||     9
       Kick              |     6 |     5 ||    11
       Punch             |     1 |       ||     1
Throw: Dart              |     3 |       ||     3
 Cast: Beastly Appendage |    13 |     2 ||    15
       Wereblood         |     3 |     2 ||     5
  Use: Potion            |       |     1 ||     1
 Stab: Sleeping          |     8 |     1 ||     9
Armor: Skin              |     3 |     1 ||     4
Dodge: Dodged            |    34 |    13 ||    47

Table legend: (Time is in decaauts)
 A = Elapsed time spent in this place.
 B = Non-inter-level travel time spent in this place.
 C = Inter-level travel time spent in this place.
 D = Time resting spent in this place.
 E = Time spent auto-exploring this place.
 F = Levels seen in this place.
 G = Mean time per level.
                   A        B        C        D        E       F      G
               +--------+--------+--------+--------+--------+-----+--------+
         Total |   2054 |   2046 |      8 |    729 |   1002 |   4 |  513.5 |
       Dungeon |   2054 |   2046 |      8 |    729 |   1002 |   4 |  513.5 |
               +--------+--------+--------+--------+--------+-----+--------+

Top non-repeatable levels by time:
     D:1: 1253 daAuts
     D:2: 767 daAuts
     D:4: 18 daAuts
     D:3: 14 daAuts
